 Dungeon Crawl Stone Soup version 0.23.2-1-ga50397a (webtiles) character file.

Game seed: 9849387354759119354

110 StevenLone the Covered (level 4, -2/40 HPs)
             Began as a Minotaur Fighter on May 19, 2019.
             Slain by a hippogriff (6 damage)
             ... on level 4 of the Dungeon.
             The game lasted 00:24:20 (1175 turns).

StevenLone the Covered (Minotaur Fighter)           Turns: 1175, Time: 00:24:21

Health: -2/40      AC:  8    Str: 22    XL:     4   Next: 61%
Magic:  3/3        EV:  5    Int:  5    God:
Gold:   74         SH: 14    Dex:  9    Spells: 3/3 levels left

rFire    . . .     SeeInvis .   a - +1 war axe
rCold    . . .     Gourm    .   h - +0 large shield
rNeg     . . .     Faith    .   b - +1 scale mail
rPois    .         Spirit   .   (helmet restricted)
rElec    .         Reflect  .   (no cloak)
rCorr    .         Harm     .   (no gloves)
MR       .....                  (no boots)
Stlth    ..........             (no amulet)
HPRegen  0.13/turn              (no ring)
MPRegen  0.08/turn              (no ring)

@: about to teleport
A: retaliatory headbutt, horns 2
a: no special abilities


You were on level 4 of the Dungeon.
You were not hungry.

You visited 1 branch of the dungeon, and saw 4 of its levels.

You collected 74 gold pieces.

Inventory:

Hand Weapons
 a - a +1 war axe (weapon)
Armour
 b - a +1 scale mail (worn)
 h - a +0 large shield (worn)
Scrolls
 e - 3 scrolls of identify
Potions
 d - a potion of might
 i - a potion of ambrosia {unknown}
Comestibles
 f - 6 rations


   Skills:
 + Level 4.1 Fighting
 + Level 4.2 Axes
 + Level 4.4 Armour
 + Level 0.2 Dodging
 + Level 4.3 Shields


You had 3 spell levels left.
You didn't know any spells.
Your spell library was empty.

Dungeon Overview and Level Annotations

Branches:
Dungeon (4/15)
 Temple: D:4-7

Altars:
Xom


Innate Abilities, Weirdness & Mutations

You reflexively headbutt those who attack you in melee.
You have a pair of horns on your head.


Message History

The phantom hits you but does no damage.
The hippogriff bites you.
* * * LOW HITPOINT WARNING * * *
The hippogriff pecks you but does no damage.
The hippogriff barely misses you. You block the worker ant's attack.
You block the phantom's attack.
As you read the scroll of teleportation, it crumbles to dust.
You feel strangely unstable. You block the worker ant's attack.
The hippogriff bites you.
* * * LOW HITPOINT WARNING * * *
The hippogriff pecks you but does no damage.
The hippogriff claws you.
* * * LOW HITPOINT WARNING * * *
The phantom hits you but does no damage.
Your shield prevents you from hitting the hippogriff.
Your headbutt misses the hippogriff.
The hippogriff is lightly wounded.
You hit the phantom. You hit the worker ant. You block the worker ant's attack.
The hippogriff bites you.
You die...

# ##.# #.... ##
#..###.............##
.###..##................
....................#...
.##.......#............
.........## .........#
..........# #.......#..
#........## #..WH......
......##..####..@a......
.......#................
.......#................
...##..........##.......
...............# ..#..##
..................##.(#
...###........#..## ...
..## ##...#####..... ..
### ##.## .....


You could see a hippogriff, a phantom and a worker ant.

Vanquished Creatures
  3 adders
  A shadow imp (D:4)
  A worm (D:3)
  A dart slug (D:1)
  5 leopard geckos
  9 orcs
  A giant cockroach (D:1)
  5 goblins
  3 hobgoblins (D:1)
  9 jackals
  3 bats
  3 frilled lizards
  6 kobolds
  7 rats
57 creatures vanquished.

Vanquished Creatures (others)
  3 toadstools (D:4)
3 creatures vanquished.

Grand Total: 60 creatures vanquished

Notes
Turn   | Place    | Note
-------+----------+-------------------------------------------
     0 | D:1      | StevenLone the Minotaur Fighter began the quest for the
                  | Orb.
     0 | D:1      | Reached XP level 1. HP: 19/19 MP: 0/0
   100 | D:1      | Reached XP level 2. HP: 24/27 MP: 1/1
   331 | D:1      | Reached XP level 3. HP: 33/33 MP: 2/2
   847 | D:3      | Reached XP level 4. HP: 30/40 MP: 3/3
   906 | D:3      | Found a shimmering altar of Xom.
  1060 | D:4      | Noticed a hippogriff
  1061 | D:4      | Noticed a slave
  1061 | D:4      | Noticed a slave
  1167 | D:4      | Noticed a phantom
  1175 | D:4      | Slain by a hippogriff

Skill      XL: |  1  2  3  4 |
---------------+-------------+-----
Armour         | 4 |  4.4
Axes           | 3 4 |  4.2
Shields        | 4 |  4.3
Fighting       | 4 |  4.1
Dodging        | |  0.2

Action                   |  1- 3 |  4- 6 || total
-------------------------+-------+-------++-------
Melee: War axe           |    96 |    33 ||   129
       Headbutt          |    16 |     5 ||    21
  Use: Scroll            |     5 |     2 ||     7
       Potion            |     1 |       ||     1
  Eat: Ration            |       |     1 ||     1
Armor: Scale mail        |    34 |    20 ||    54
Dodge: Dodged            |    30 |     5 ||    35
Block: Shield            |    35 |       ||    35
       Large shield      |    11 |    37 ||    48
